[Event "Titled Tuesday Blitz February 21 Late 2023"]
[White "Nilsen, Tobias Lang"]
[Black "Skvortsov, Andrei"]
[WhiteFideId "1521624"]
[BlackFideId "24108600"]
[WhiteElo "2247"]
[BlackElo "2313"]
[Result "0-1"]
[Round "05"]
[TimeControl "180+2"]
[Date "2023.02.21"]
[WhiteClock "0:00:13"]
[BlackClock "0:00:07"]

1. f4 d5 2. Nf3 g6 3. g3 Bg7 4. Bg2 Nc6 5. O-O Nh6 6. d3 O-O 7. e4 dxe4 8. dxe4 Qxd1 9. Rxd1 e5 10. Nc3 exf4 11. Bxf4 Ng4 12. Nd5 Bxb2 13. Rab1 Bg7 14. Nxc7 Rb8 15. h3 Nge5 16. Nxe5 Bxe5 17. Rd5 Bxf4 18. gxf4 Be6 19. Nxe6 fxe6 20. Rd7 Rf7 21. Rxf7 Kxf7 22. e5 Nd4 23. Kf2 b6 24. c3 Nf5 25. Rd1 Ke7 26. Be4 Nh6 27. Ke3 Rc8 28. Rc1 Rc5 29. Kd4 Ra5 30. Rc2 Nf7 31. c4 Ra3 32. Rc3 Rxa2 33. c5 Ra4+ 34. Ke3 bxc5 35. Rxc5 Ra3+ 36. Kd4 Kd7 37. Bc6+ Kd8 38. Bg2 Nh6 39. Be4 Ra4+ 40. Ke3 Ra6 41. Rb5 Rb6 42. Ra5 a6 43. Bd3 Nf5+ 44. Kd2 Rb4 45. Rxa6 Rxf4 46. Rxe6 Ng7 47. Rd6+ Ke7 48. Ke3 Rh4 49. Bf1 Nf5+ 50. Kf3 Nxd6 51. exd6+ Kxd6 52. Kg3 Rd4 53. Be2 Ke5 54. Bf3 Kf5 55. Bg4+ Kg5 56. Bf3 h6 57. Bg2 Rd3+ 58. Bf3 Kf6 59. Kf4 Ra3 60. Bg4 Ra4+ 61. Kg3 Ke5 62. Bd7 Ra3+ 63. Kg4 Kf6 64. Be8 h5+ 65. Kh4 Ra8 66. Bc6 Rh8 67. Kg3 g5 68. Bf3 Kg6 69. Be4+ Kh6 70. Bf3 Rd8 71. Be4 Rd4 72. Bf5 Ra4 73. Bd7 Ra3+ 74. Kg2 Kg7 75. Be8 Kh6 76. Bf7 Ra7 77. Be8 Re7 78. Bc6 Kg6 79. Bf3 Re8 80. Bc6 Rh8 81. Bf3 Kf5 82. Bd1 Kf4 83. Be2 Ke3 84. Bd1 Ke4 85. Bc2+ Kf4 86. Bd1 Ke5 87. Be2 Kf5 88. Bd3+ Kf4 89. Be2 h4 90. Bg4 Rb8 91. Kf1 Rb2 92. Bd7 Kg3 93. Kg1 Rb1# 0-1


[Site "https://www.chess.com"]

[Event "Titled Tuesday Blitz February 21 Late 2023"]
[White "Maltsevskaya, Aleksandra"]
[Black "Vaglio Mattey, Emanuel"]
[WhiteFideId "24174041"]
[BlackFideId "6504167"]
[WhiteElo "2390"]
[BlackElo "2155"]
[Result "1/2-1/2"]
[Round "05"]
[TimeControl "180+2"]
[Date "2023.02.21"]
[WhiteClock "0:00:02"]
[BlackClock "0:00:07"]

1. e4 c6 2. Nc3 d5 3. Nf3 dxe4 4. Nxe4 Nf6 5. Nxf6+ exf6 6. d4 g6 7. Bd3 Bg7 8. O-O O-O 9. c3 Re8 10. h3 Nd7 11. Bf4 Nf8 12. Qd2 Ne6 13. Bh6 c5 14. Bxg7 Kxg7 15. Rfe1 cxd4 16. cxd4 Nxd4 17. Nxd4 Rxe1+ 18. Rxe1 Qxd4 19. Re8 b6 20. Qe2 Bb7 21. Re7 Bd5 22. Rd7 Qc5 23. Qe1 Qc6 24. Qe7 Qe6 25. b3 a5 26. Qxe6 Bxe6 27. Rb7 Rd8 28. Bf1 Rd1 29. f3 Ra1 30. Rxb6 Rxa2 31. Rb5 Ra3 32. Bc4 Bxc4 33. bxc4 Rc3 34. Rxa5 Rxc4 35. Ra7 f5 36. Kf2 f4 37. Ra6 h6 38. Rd6 g5 39. Kg1 f6 40. Kh2 Kg6 41. h4 Rc1 42. h5+ Kxh5 43. Rxf6 Rc2 44. Kh3 Rc1 45. Kh2 Rc2 46. Kh3 Rc3 47. Kh2 Ra3 48. Re6 Ra7 49. Rf6 Rg7 50. Kh3 Rg6 51. Rf7 Ra6 52. Rg7 Rg6 53. Rf7 Re6 54. Rg7 Rd6 55. Rg8 Rd1 56. Kh2 Kh4 57. Rf8 h5 58. Rg8 Rd2 59. Rg7 Ra2 60. Rf7 Ra5 61. Rf6 Rc5 62. Rf7 Rc2 63. Rf6 Rc4 64. Rf7 g4 65. fxg4 hxg4 66. Rh7+ Kg5 67. Rg7+ Kf5 68. Rf7+ Kg6 69. Rf8 Rc1 70. Rg8+ Kf5 71. Rf8+ Ke4 72. Re8+ Kd3 73. Rg8 g3+ 74. Kh3 Ke3 75. Rb8 Rc3 76. Rb2 Rd3 77. Ra2 Rc3 78. Rb2 Rd3 79. Ra2 Rd2 80. Ra3+ Ke4 81. Ra4+ Rd4 82. Ra3 Rd3 83. Ra4+ Rd4 84. Ra3 Kf5 85. Ra5+ Ke4 86. Ra3 1/2-1/2


[Site "https://www.chess.com"]

[Event "Titled Tuesday Blitz February 21 Late 2023"]
[White "Manelyuk, Daniil"]
[Black "Li, Hui"]
[WhiteFideId "44173920"]
[BlackFideId "15400310"]
[WhiteElo "2302"]
[BlackElo "1963"]
[Result "1-0"]
[Round "05"]
[TimeControl "180+2"]
[Date "2023.02.21"]
[WhiteClock "0:02:43"]
[BlackClock "0:01:08"]

1. e4 e5 2. Nf3 Nf6 3. Nxe5 d6 4. Nf3 Nxe4 5. d4 d5 6. Bd3 Be7 7. Nc3 Bf5 8. O-O O-O 9. Ne2 Nc6 10. c3 Nd6 11. Ng3 Bg6 12. Ne5 Nxe5 13. dxe5 Nc4 14. f4 Bxd3 15. Qxd3 g6 16. b3 Nb6 17. f5 c5 18. f6 c4 19. Qe3 d4 20. Qh6 1-0


[Site "https://www.chess.com"]

[Event "Titled Tuesday Blitz February 21 Late 2023"]
[White "Chor, Kevin"]
[Black "Buganca, Luiz Henrique Da Silva"]
[WhiteFideId "2090740"]
[BlackFideId "2182289"]
[WhiteElo "1944"]
[BlackElo "1920"]
[Result "1-0"]
[Round "05"]
[TimeControl "180+2"]
[Date "2023.02.21"]
[WhiteClock "0:00:55"]
[BlackClock "0:02:11"]

1. e4 c5 2. Nf3 Nc6 3. d4 cxd4 4. Nxd4 g6 5. Nc3 Bg7 6. Be3 Nf6 7. Bc4 O-O 8. Bb3 d6 9. f3 Bd7 10. Qd2 Rc8 11. O-O-O Ne5 12. Kb1 Nc4 13. Bxc4 Rxc4 14. g4 b5 15. h4 h5 16. Nd5 Nxd5 17. exd5 Qa8 18. gxh5 Qxd5 19. hxg6 fxg6 20. h5 Bxd4 21. Bxd4 Bf5 22. hxg6 Bxg6 23. Rh8+ Kf7 24. Rxf8+ Ke6 25. Bc3 Qxd2 26. Rxd2 b4 27. Bd4 a5 28. b3 Rc6 29. Kb2 1-0


[Site "https://www.chess.com"]

[Event "Titled Tuesday Blitz February 21 Late 2023"]
[White "Gorshtein, Ido"]
[Black "Coelho, Ramyres Santana"]
[WhiteFideId "2815532"]
[BlackFideId "2120690"]
[WhiteElo "2514"]
[BlackElo "1981"]
[Result "1-0"]
[Round "05"]
[TimeControl "180+2"]
[Date "2023.02.21"]
[WhiteClock "0:00:55"]
[BlackClock "0:00:16"]

1. Nf3 Nf6 2. c4 g6 3. d4 Bg7 4. Nc3 d6 5. e4 O-O 6. Be2 e5 7. O-O exd4 8. Nxd4 Nc6 9. Be3 Nxd4 10. Bxd4 Be6 11. Qc2 Nd7 12. Bxg7 Kxg7 13. Rad1 f5 14. exf5 Bxf5 15. Qd2 Be6 16. b3 Qf6 17. f4 Rae8 18. g3 Nb6 19. Bf3 Bc8 20. Nb5 Re7 21. Nxa7 Bh3 22. Rf2 Rfe8 23. Nb5 Re3 24. Nxc7 R8e7 25. Nb5 Qe6 26. Bg2 Bxg2 27. Kxg2 Qe4+ 28. Kg1 Qf5 29. Nxd6 Qh3 30. f5 Rf7 31. Qxe3 1-0


[Site "https://www.chess.com"]

[Event "Titled Tuesday Blitz February 21 Late 2023"]
[White "Maksimovic, Bojan"]
[Black "Vega Gutierrez, Sabrina"]
[WhiteFideId "14408120"]
[BlackFideId "2219026"]
[WhiteElo "2486"]
[BlackElo "2377"]
[Result "1-0"]
[Round "05"]
[TimeControl "180+2"]
[Date "2023.02.21"]
[WhiteClock "0:00:07"]
[BlackClock "0:00:07"]

1. e4 c5 2. Nf3 Nc6 3. d4 cxd4 4. Nxd4 Nf6 5. Nc3 e5 6. Ndb5 d6 7. Bg5 a6 8. Na3 b5 9. Bxf6 gxf6 10. Nd5 Bg7 11. Bd3 Ne7 12. Nxe7 Qxe7 13. O-O O-O 14. c4 f5 15. cxb5 d5 16. exf5 e4 17. Be2 Bxb2 18. Nc2 Bxa1 19. Qxa1 Bxf5 20. bxa6 Rfc8 21. Nd4 Be6 22. a4 Qb4 23. Nxe6 fxe6 24. Qf6 Qf8 25. Qxe6+ Qf7 26. Qe5 Rd8 27. Rd1 Ra7 28. Qd4 Qe7 29. Bb5 Rc7 30. g3 Qc5 31. Qe5 Rf8 32. Qxd5+ Qxd5 33. Rxd5 Rc1+ 34. Kg2 Rc2 35. Re5 Rfxf2+ 36. Kh3 h5 37. Rxh5 Rxh2+ 38. Kg4 Rxh5 39. Kxh5 e3 40. Kg4 e2 41. a7 e1=Q 42. a8=Q+ Kg7 43. Qb7+ Kf6 44. Qf3+ Ke7 45. Qf4 Qe6+ 46. Kh4 Rh2+ 47. Kg5 Qh6+ 48. Kf5 Qf6+ 49. Ke4 Qxf4+ 50. gxf4 Kd6 51. Kf5 Rh4 52. Kg5 Rh2 53. f5 Rg2+ 54. Kf4 Rf2+ 55. Ke4 Ra2 56. f6 Ke6 57. Bc4+ Kxf6 58. Bxa2 Ke7 59. Kd5 Kd7 60. Kc5 Kc7 61. Bd5 Kb8 62. Kb6 1-0


[Site "https://www.chess.com"]

[Event "Titled Tuesday Blitz February 21 Late 2023"]
[White "Salimova, Nurgyul"]
[Black "CheckBits"]
[WhiteFideId "2915138"]
[WhiteElo "2391"]
[BlackElo "2452"]
[Result "1-0"]
[Round "05"]
[TimeControl "180+2"]
[Date "2023.02.21"]
[WhiteClock "0:00:09"]
[BlackClock "0:00:02"]

1. d4 Nf6 2. Nf3 e6 3. c4 d5 4. g3 dxc4 5. Bg2 c5 6. O-O Nc6 7. Na3 cxd4 8. Nxc4 Be7 9. a3 a5 10. b3 O-O 11. Bb2 d3 12. exd3 Nd5 13. Qe2 Bd7 14. Rac1 Bf6 15. Nd6 Qb6 16. Ne4 Qxb3 17. Bxf6 Nxf6 18. Nxf6+ gxf6 19. Nd2 Qxa3 20. Rb1 Rfb8 21. Rb5 Nb4 22. Qg4+ Kf8 23. Rh5 Qxd3 24. Qf4 Ke7 25. Ne4 Qd4 26. Rxh7 Bc6 27. Rxf7+ Kxf7 28. Ng5+ Kg6 29. Qxd4 fxg5 30. Qe5 Re8 31. f4 Bxg2 32. Qxg5+ Kf7 33. Kxg2 Rac8 34. f5 1-0


[Site "https://www.chess.com"]

[Event "Titled Tuesday Blitz February 21 Late 2023"]
[White "ArchibaldCerveza29"]
[Black "Leiva, Gianmarco"]
[BlackFideId "3804399"]
[WhiteElo "2503"]
[BlackElo "2392"]
[Result "1-0"]
[Round "05"]
[TimeControl "180+2"]
[Date "2023.02.21"]
[WhiteClock "0:00:16"]
[BlackClock "0:00:01"]

1. e4 c5 2. Nf3 d6 3. d4 cxd4 4. Nxd4 Nf6 5. Nc3 a6 6. Rg1 h5 7. Bg5 e6 8. f4 Nbd7 9. Qd2 b5 10. O-O-O b4 11. Na4 Qa5 12. b3 Nxe4 13. Qe3 Bb7 14. Bh4 Ndc5 15. Bd3 d5 16. Bxe4 dxe4 17. Nxc5 Bxc5 18. Kb1 Qb6 19. Rd2 a5 20. Rgd1 Bd5 21. Qg3 Kf8 22. Nf5 g6 23. Bf6 Rh7 24. Nd4 h4 25. Qg4 e3 26. Re2 Rh5 27. Be5 1-0


[Site "https://www.chess.com"]

[Event "Titled Tuesday Blitz February 21 Late 2023"]
[White "Korchmar, Vasiliy"]
[Black "Bon, Michael"]
[WhiteFideId "24131750"]
[BlackFideId "620696"]
[WhiteElo "2438"]
[BlackElo "2394"]
[Result "0-1"]
[Round "05"]
[TimeControl "180+2"]
[Date "2023.02.21"]
[WhiteClock "0:00:37"]
[BlackClock "0:00:14"]

1. e4 c5 2. Nf3 d6 3. d4 cxd4 4. Nxd4 Nf6 5. Nc3 Nc6 6. Be2 g6 7. O-O Bg7 8. Nb3 O-O 9. Re1 Bd7 10. Bf1 Rc8 11. Bg5 Be6 12. Nd5 Bxd5 13. exd5 Ne5 14. Qd2 Nc4 15. Bxc4 Rxc4 16. Qe2 Qc7 17. c3 Nxd5 18. Bxe7 Re8 19. Qf3 Nxe7 20. Re2 Rd8 21. Rae1 Nc6 22. Qd5 Ne5 23. f4 Rxf4 24. Nd4 a6 25. h3 b5 26. Kh1 h5 27. Re3 Qc4 28. Qb7 Rf1+ 29. Kh2 Rxe1 30. Rxe1 Nd3 31. Qe7 Nxe1 32. Qxd8+ Kh7 33. Qxd6 Qf1 34. Qg3 Be5 0-1


[Site "https://www.chess.com"]

[Event "Titled Tuesday Blitz February 21 Late 2023"]
[White "Bambino Filho, Antonio Carlos"]
[Black "Fus, Jakub"]
[WhiteFideId "2113163"]
[BlackFideId "1193023"]
[WhiteElo "2144"]
[BlackElo "2417"]
[Result "0-1"]
[Round "05"]
[TimeControl "180+2"]
[Date "2023.02.21"]
[WhiteClock "0:01:15"]
[BlackClock "0:01:57"]

1. e4 c5 2. Nf3 e6 3. d4 cxd4 4. Nxd4 a6 5. c4 Nf6 6. Nc3 Bb4 7. Be3 O-O 8. Bd3 Bxc3+ 9. bxc3 d6 10. O-O Nbd7 11. f4 Qc7 12. Rf3 Nc5 13. e5 dxe5 14. fxe5 Qxe5 15. Bf4 Qh5 16. Bd6 Nxd3 17. Qxd3 e5 18. Bxf8 e4 19. Qe3 exf3 20. Bd6 fxg2 21. Re1 Bd7 22. Qf4 Re8 23. Rxe8+ Nxe8 24. Kxg2 Qg6+ 0-1


[Site "https://www.chess.com"]

[Event "Titled Tuesday Blitz February 21 Late 2023"]
[White "Becerra, Juan David"]
[Black "Kanakaris, Georgios"]
[WhiteFideId "4404998"]
[BlackFideId "4209460"]
[WhiteElo "2382"]
[BlackElo "2391"]
[Result "0-1"]
[Round "05"]
[TimeControl "180+2"]
[Date "2023.02.21"]
[WhiteClock "0:01:38"]
[BlackClock "0:01:24"]

1. d4 Nf6 2. c4 g6 3. Nc3 Bg7 4. e4 d6 5. Nf3 O-O 6. Be2 e5 7. d5 a5 8. Bg5 h6 9. Be3 Ng4 10. Bd2 f5 11. h3 Nf6 12. exf5 gxf5 13. Qc1 f4 14. g3 e4 15. Nd4 e3 16. fxe3 fxg3 17. Qc2 Na6 18. O-O-O Qe8 19. Rdg1 Nb4 20. Qb1 Nh5 21. a3 Bxd4 22. exd4 Bf5 23. Bxh5 Qxh5 24. Ne4 Qe2 25. Nxg3 Qxc4+ 26. Bc3 Bxb1 27. Kxb1 Qd3+ 28. Ka1 Kh7 0-1


[Site "https://www.chess.com"]

[Event "Titled Tuesday Blitz February 21 Late 2023"]
[White "Jeet, Jain"]
[Black "Kleiman, Jake"]
[WhiteFideId "5073022"]
[BlackFideId "2020041"]
[WhiteElo "2199"]
[BlackElo "2399"]
[Result "1-0"]
[Round "05"]
[TimeControl "180+2"]
[Date "2023.02.21"]
[WhiteClock "0:00:07"]
[BlackClock "0:00:10"]

1. c4 e6 2. Nc3 Bb4 3. Qb3 Qe7 4. g3 Nf6 5. Bg2 O-O 6. e4 Bxc3 7. Qxc3 e5 8. d3 c5 9. Ne2 Nc6 10. O-O d6 11. h3 Nd4 12. Nxd4 cxd4 13. Qe1 a5 14. f4 Nd7 15. g4 Nc5 16. Rf3 a4 17. Bf1 b5 18. cxb5 Bd7 19. f5 f6 20. h4 Bxb5 21. g5 Kh8 22. Kh1 d5 23. Bd2 Qb7 24. Bb4 Rfc8 25. Bxc5 Rxc5 26. Bg2 dxe4 27. dxe4 Rc2 28. Rg3 d3 29. Qd1 Rac8 30. gxf6 gxf6 31. Qh5 Qe7 32. Qh6 d2 33. Rd1 Rd8 34. Bf3 Qf8 35. Qe3 Rxb2 36. Rdg1 Rc2 37. h5 Rc7 38. Qb6 Rcd7 39. Bd1 Bd3 40. a3 Bxe4+ 41. Kh2 Qh6 42. Qe6 Qf8 43. Bxa4 Bd5 44. Qb6 Rd6 45. Qa7 e4 46. Rg7 Bg8 47. h6 d1=Q 48. Bxd1 Rxd1 49. Rxg8+ Qxg8 50. Rxg8+ Rxg8 51. Qf7 Rd2+ 52. Kh3 Rd3+ 53. Kh4 Rd6 54. Qe7 Rgd8 55. Kh5 R6d7 56. Qxf6+ Kg8 57. Qe6+ Kf8 58. Qxe4 Re7 59. Qg4 Rd5 60. Qg5 Rf7 61. Kg4 Rd4+ 62. Kf3 Rd5 63. Ke4 Rdd7 64. f6 Rd6 65. Ke5 Ra6 66. Qg4 Ra5+ 67. Kd4 Ra6 68. Qc8# 1-0


[Site "https://www.chess.com"]

[Event "Titled Tuesday Blitz February 21 Late 2023"]
[White "Zarnicki, Pablo"]
[Black "Koutlas, Nikolaos"]
[WhiteFideId "100137"]
[BlackFideId "25827138"]
[WhiteElo "2514"]
[BlackElo "2341"]
[Result "0-1"]
[Round "05"]
[TimeControl "180+2"]
[Date "2023.02.21"]
[WhiteClock "0:00:17"]
[BlackClock "0:00:40"]

1. e4 c5 2. Nf3 Nc6 3. Bb5 g6 4. O-O Bg7 5. c3 Nf6 6. Qe2 O-O 7. Rd1 d5 8. e5 Nd7 9. d4 a6 10. Bd3 cxd4 11. cxd4 f6 12. e6 Nb6 13. Nc3 Qd6 14. Re1 Nd8 15. h4 Bxe6 16. h5 g5 17. Bxg5 fxg5 18. Nxg5 Bf5 19. g4 Qf4 20. Bxf5 Qxg5 21. Qxe7 Rxf5 22. Qxg5 Rxg5 23. f3 Bxd4+ 24. Kg2 Nc6 25. Rad1 Nc4 26. Ne2 Ne3+ 27. Kg3 Nxd1 28. Nxd4 Nxd4 29. Rxd1 Ne2+ 30. Kh4 Re5 31. Re1 Nd4 32. Rd1 Nxf3+ 33. Kg3 Ng5 34. Rc1 Rae8 35. Rc7 R8e7 36. Rc8+ Kg7 37. Kf4 h6 38. b4 Re3 39. Kf5 Rf3# 0-1


[Site "https://www.chess.com"]

[Event "Titled Tuesday Blitz February 21 Late 2023"]
[White "Poliakova, Varvara"]
[Black "Buchenau, Frank"]
[WhiteFideId "13518313"]
[BlackFideId "4604350"]
[WhiteElo "2010"]
[BlackElo "2222"]
[Result "1-0"]
[Round "05"]
[TimeControl "180+2"]
[Date "2023.02.21"]
[WhiteClock "0:01:24"]
[BlackClock "0:00:12"]

1. e4 e6 2. d4 d5 3. e5 c5 4. c3 Qb6 5. a3 Bd7 6. b4 cxd4 7. cxd4 Bb5 8. Bxb5+ Qxb5 9. Nc3 Qc6 10. Qd3 Nd7 11. Bb2 Nb6 12. Nf3 Nc4 13. Bc1 Rc8 14. Ne2 a5 15. O-O axb4 16. axb4 Bxb4 17. Qb3 Bf8 18. Ra7 Rb8 19. Bf4 Ne7 20. Rb1 Nc8 21. Rxb7 Na5 22. Qb5 Qxb5 23. R7xb5 Rxb5 24. Rxb5 Nc6 25. Nc3 Be7 26. Na4 O-O 27. Rb7 N8a7 28. Bd2 Rb8 29. Rxb8+ Nxb8 30. Kf1 f6 31. Ke2 Kf7 32. Kd3 Nbc6 33. Nc3 fxe5 34. dxe5 Nb4+ 35. Ke2 Nac6 36. Nb5 h6 37. Nd6+ Bxd6 38. exd6 Kf6 39. Bc3+ e5 40. d7 d4 41. Bxb4 1-0


[Site "https://www.chess.com"]

[Event "Titled Tuesday Blitz February 21 Late 2023"]
[White "Sielecki, Christof"]
[Black "Kochetov, Andrey"]
[WhiteFideId "4620437"]
[BlackFideId "24130532"]
[WhiteElo "2419"]
[BlackElo "2165"]
[Result "1-0"]
[Round "05"]
[TimeControl "180+2"]
[Date "2023.02.21"]
[WhiteClock "0:00:22"]
[BlackClock "0:00:04"]

1. e4 d5 2. exd5 Qxd5 3. Nc3 Qa5 4. d4 c6 5. Nf3 Nf6 6. Bc4 Bf5 7. Ne5 e6 8. g4 Bg6 9. h4 Be4 10. O-O Bd5 11. g5 Nfd7 12. Bxd5 cxd5 13. Nxf7 Kxf7 14. Qf3+ Kg8 15. Qg4 Qb6 16. Re1 Bb4 17. Rxe6 Nc6 18. Be3 Bxc3 19. bxc3 Nf8 20. c4 Nxe6 21. Qxe6+ Kf8 22. cxd5 Ne7 23. d6 Ng6 24. d5 Qd8 25. Bc5 1-0


[Site "https://www.chess.com"]

[Event "Titled Tuesday Blitz February 21 Late 2023"]
[White "Hernandez Sanchez, Elvis De La Caridad"]
[Black "Shapiro, Viktor"]
[WhiteFideId "6400353"]
[BlackFideId "4175700"]
[WhiteElo "2243"]
[BlackElo "2192"]
[Result "1-0"]
[Round "05"]
[TimeControl "180+2"]
[Date "2023.02.21"]
[WhiteClock "0:00:34"]
[BlackClock "0:00:11"]

1. d4 Nf6 2. Nf3 e6 3. e3 d5 4. c4 Be7 5. Nc3 O-O 6. b3 c6 7. Bb2 Nbd7 8. Bd3 a6 9. O-O b5 10. Rc1 bxc4 11. bxc4 Rb8 12. Qe2 Qa5 13. Ba1 Ba3 14. Rb1 Rxb1 15. Rxb1 Re8 16. e4 dxc4 17. Bxc4 e5 18. dxe5 Nxe5 19. Nxe5 Rxe5 20. Nd5 cxd5 21. Bxe5 dxc4 22. Bxf6 gxf6 23. Rb8 Kg7 24. Rxc8 c3 25. Qg4+ Kh6 26. Qf4+ Kg7 27. Qg3+ Kh6 28. Qxc3 Bb4 29. Qh3+ Kg7 30. Qg3+ Kh6 31. Rg8 Bd2 32. Qh4+ Qh5 33. Qxf6+ 1-0


[Site "https://www.chess.com"]

[Event "Titled Tuesday Blitz February 21 Late 2023"]
[White "Poeta, Caio Medeiros"]
[Black "Ballester Llagaria, Luis Eduardo"]
[WhiteFideId "2142660"]
[BlackFideId "2297620"]
[WhiteElo "2088"]
[BlackElo "2298"]
[Result "0-1"]
[Round "05"]
[TimeControl "180+2"]
[Date "2023.02.21"]
[WhiteClock "0:00:21"]
[BlackClock "0:00:33"]

1. d4 d5 2. c4 dxc4 3. Nf3 Nf6 4. e3 a6 5. a4 e6 6. Bxc4 c5 7. O-O b6 8. Nc3 Bb7 9. b3 Nbd7 10. Bb2 Be7 11. d5 exd5 12. Nxd5 Nxd5 13. Bxd5 Bxd5 14. Qxd5 O-O 15. Rfd1 Nf6 16. Qc6 Qb8 17. Be5 Qa7 18. Bxf6 Bxf6 19. Rd7 Qxd7 20. Qxd7 Bxa1 21. Qc6 Rab8 22. g4 Rfc8 23. Qe4 b5 24. axb5 axb5 25. h4 c4 26. bxc4 bxc4 27. Qc2 Bf6 28. g5 Be7 29. Nd4 c3 30. Qe4 Bf8 31. Kg2 Rb4 32. Qf5 Rc5 33. Qc2 Rb2 34. Qc1 c2 35. Ne2 Rb1 36. Qd2 c1=Q 37. Nxc1 Rbxc1 38. Kg3 R1c2 39. Qd8 Rc8 40. Qd7 R2c7 41. Qd5 g6 42. Qe4 Re7 43. Qg4 Rce8 44. Qa4 Re6 45. Qb5 h6 46. gxh6 Bxh6 47. Qa4 Re4 48. Qb5 R4e5 49. Qa4 Bg7 50. Qd7 Bf6 51. Qc6 Kg7 52. Qb7 Rh5 53. Qc6 Re6 54. Qd7 Rxh4 55. Qd3 Rh5 56. Qd7 Rg5+ 57. Kf3 Rf5+ 58. Ke2 Rfe5 59. Kf3 Bg5 60. Qa7 Re7 61. Qa1 Bf6 62. Qa7 Rxa7 0-1


[Site "https://www.chess.com"]

[Event "Titled Tuesday Blitz February 21 Late 2023"]
[White "Moral Garcia, Serafin"]
[Black "Seletsky, Grigory"]
[WhiteFideId "2201925"]
[BlackFideId "14112191"]
[WhiteElo "2238"]
[BlackElo "2259"]
[Result "1/2-1/2"]
[Round "05"]
[TimeControl "180+2"]
[Date "2023.02.21"]
[WhiteClock "0:00:26"]
[BlackClock "0:00:54"]

1. c4 c6 2. e4 d5 3. exd5 cxd5 4. d4 Nf6 5. Nc3 e6 6. Nf3 Nc6 7. cxd5 Nxd5 8. Bd3 Be7 9. O-O O-O 10. Re1 Nxc3 11. bxc3 b6 12. Be4 Bb7 13. Qe2 Rc8 14. Bc2 Na5 15. Qd3 g6 16. Bh6 Re8 17. Ne5 Bd5 18. Ba4 Nc6 19. Nxc6 Bxc6 20. Bxc6 Rxc6 21. c4 Bf6 22. Rad1 Rd6 23. d5 exd5 24. Rxe8+ Qxe8 25. cxd5 Bg7 26. Bf4 Rd7 27. d6 Bf8 28. h3 Qe6 29. a4 h5 30. Qd2 a6 31. Qb4 Qf5 32. Bg3 b5 33. axb5 Qxb5 34. Qf4 Qb3 35. Rd2 Qe6 36. Kh2 a5 37. Qe5 Qxe5 38. Bxe5 Bg7 39. Bxg7 Kxg7 40. Ra2 Rxd6 41. Rxa5 Rd2 42. Kg1 1/2-1/2


[Site "https://www.chess.com"]

[Event "Titled Tuesday Blitz February 21 Late 2023"]
[White "Djokic, Mihailo"]
[Black "Delorme, Axel"]
[WhiteFideId "976440"]
[BlackFideId "632023"]
[WhiteElo "2192"]
[BlackElo "2483"]
[Result "1-0"]
[Round "05"]
[TimeControl "180+2"]
[Date "2023.02.21"]
[WhiteClock "0:00:33"]
[BlackClock "0:00:04"]

1. e4 c5 2. Nf3 d6 3. d4 cxd4 4. Nxd4 Nf6 5. Nc3 a6 6. Rg1 e5 7. Nb3 Be6 8. g4 d5 9. exd5 Nxd5 10. Nxd5 Qxd5 11. Be3 Nc6 12. Qxd5 Bxd5 13. O-O-O O-O-O 14. Bb6 Rd7 15. g5 Be6 16. Rxd7 Bxd7 17. Bg2 Be7 18. Be4 g6 19. Be3 Bf8 20. Bd5 Nd8 21. Rd1 h6 22. h4 hxg5 23. hxg5 Bg4 24. Rd3 Be6 25. Be4 Nc6 26. Nc5 Bf5 27. Bxf5+ gxf5 28. Nd7 Bb4 29. Nb6+ Kb8 30. c3 Ba5 31. Rd7 f4 32. Bc5 Bxb6 33. Bxb6 Rg8 34. Bc7+ Kc8 35. Rxf7 Rxg5 36. Bb6 Rg8 37. Kd2 Nd8 38. Rc7+ Kb8 39. Rd7 Nc6 40. Kd3 Re8 41. Ke4 Kc8 42. Rc7+ Kb8 43. Rf7 Kc8 44. a4 Kb8 45. b4 Kc8 46. f3 Kb8 47. b5 axb5 48. axb5 Nd8 49. Bxd8 Rxd8 50. Kxe5 Rd3 51. b6 Kc8 52. Rc7+ Kb8 53. Kxf4 Rd6 54. Ke5 Rxb6 55. Rc5 Rb1 56. f4 Re1+ 57. Kf6 b6 58. Rc4 Kb7 59. f5 b5 60. Rc5 Kb6 61. Re5 Rf1 62. Ke7 Ka5 63. f6 Ka4 64. f7 1-0


[Site "https://www.chess.com"]

[Event "Titled Tuesday Blitz February 21 Late 2023"]
[White "Dzida, Kamil"]
[Black "Vovk, Orest"]
[WhiteFideId "21828652"]
[BlackFideId "14113490"]
[WhiteElo "2352"]
[BlackElo "2315"]
[Result "1-0"]
[Round "05"]
[TimeControl "180+2"]
[Date "2023.02.21"]
[WhiteClock "0:00:28"]
[BlackClock "0:00:07"]

1. e4 g5 2. d4 g4 3. h3 Bg7 4. hxg4 c5 5. dxc5 Qa5+ 6. c3 Qxc5 7. Nf3 d6 8. Na3 Bxg4 9. Be3 Bxc3+ 10. bxc3 Qxc3+ 11. Bd2 Qxa3 12. Rb1 Nf6 13. Rxb7 Nxe4 14. Bb5+ Nd7 15. Rh4 Qc5 16. Be3 Qc3+ 17. Kf1 Nf6 18. Rxg4 Nxg4 19. Bxd7+ Kf8 20. Bxg4 Qc4+ 21. Qe2 Qxg4 22. Bh6+ Kg8 23. Rxe7 Qc8 24. Nd4 Rb8 25. Re8+ Qxe8 26. Qg4# 1-0


[Site "https://www.chess.com"]

[Event "Titled Tuesday Blitz February 21 Late 2023"]
[White "Melian, Juan Sebastian"]
[Black "Figorito, Nick"]
[WhiteFideId "3706575"]
[BlackFideId "30923689"]
[WhiteElo "2293"]
[BlackElo "2036"]
[Result "1-0"]
[Round "05"]
[TimeControl "180+2"]
[Date "2023.02.21"]
[WhiteClock "0:00:12"]
[BlackClock "0:00:21"]

1. d4 Nf6 2. c4 g6 3. Nc3 d5 4. e3 Bg7 5. Qb3 dxc4 6. Bxc4 O-O 7. Nf3 Nc6 8. O-O Na5 9. Qb4 Nxc4 10. Qxc4 Be6 11. Qe2 Nd5 12. e4 Nb6 13. Rd1 Bg4 14. Be3 c6 15. h3 Bxf3 16. Qxf3 Nc4 17. Qe2 Nxe3 18. Qxe3 e6 19. Rd3 Qb6 20. Rd2 Rfd8 21. Rad1 Rd7 22. Ne2 Rad8 23. Kf1 h5 24. Ke1 Kh7 25. g3 Bh6 26. f4 e5 27. Qb3 exf4 28. gxf4 Qxb3 29. axb3 Bg7 30. e5 Bh6 31. Kf2 Rd5 32. Kf3 c5 33. Ke4 cxd4 34. Rxd4 Rxd4+ 35. Rxd4 Rxd4+ 36. Nxd4 Kg7 37. Nb5 a6 38. Nd6 b5 39. Ne8+ Kf8 40. Nc7 Ke7 41. Nxa6 f6 42. Nc7 fxe5 43. fxe5 b4 44. Nd5+ Ke6 45. Nxb4 Bg7 46. Nd3 g5 47. b4 g4 48. Nf4+ Ke7 49. h4 g3 50. b5 Bh6 51. Ng2 Bd2 52. Kf5 Ba5 53. Ke4 Bc7 54. Nf4 Kf7 55. b3 Kg7 56. Kf3 Bxe5 57. Nxh5+ Kh6 58. Nxg3 Bb8 59. b6 Kg6 60. b7 Kf6 61. Ne4+ Kf5 62. Nc5 Kg6 63. Na6 Bd6 64. b8=Q Bxb8 65. Nxb8 Kh5 66. Nc6 Kxh4 67. b4 Kg5 68. b5 Kf6 69. b6 Ke6 70. b7 Kd6 71. b8=Q+ Kxc6 72. Qe5 Kd7 73. Ke4 Kc8 74. Qe7 Kb8 75. Kd5 Ka8 76. Kc6 Kb8 77. Qb7# 1-0


[Site "https://www.chess.com"]

[Event "Titled Tuesday Blitz February 21 Late 2023"]
[White "Leve, Nitai"]
[Black "Martynov, Pavel"]
[WhiteFideId "2006898"]
[BlackFideId "4101260"]
[WhiteElo "2128"]
[BlackElo "2414"]
[Result "0-1"]
[Round "05"]
[TimeControl "180+2"]
[Date "2023.02.21"]
[WhiteClock "0:00:03"]
[BlackClock "0:00:45"]

1. e4 c5 2. Nf3 e6 3. d4 cxd4 4. Nxd4 Nc6 5. Nc3 Qc7 6. Nxc6 Qxc6 7. Bd3 a6 8. O-O b5 9. Ne2 Bb7 10. b3 Nf6 11. f3 Bc5+ 12. Kh1 d5 13. exd5 Qxd5 14. Bb2 Rd8 15. a4 b4 16. Qe1 Qg5 17. Ng3 Bd6 18. f4 Qh6 19. Nf5 Qh3 20. Rf2 Ng4 21. Nxg7+ Kf8 0-1


[Site "https://www.chess.com"]

[Event "Titled Tuesday Blitz February 21 Late 2023"]
[White "Danielyan, Vahe"]
[Black "Meunier-Pion, Jean"]
[WhiteFideId "13304828"]
[BlackFideId "20685327"]
[WhiteElo "2346"]
[BlackElo "2215"]
[Result "1-0"]
[Round "05"]
[TimeControl "180+2"]
[Date "2023.02.21"]
[WhiteClock "0:00:58"]
[BlackClock "0:00:02"]

1. d4 d5 2. Bf4 c5 3. e3 cxd4 4. exd4 Nc6 5. c3 Nf6 6. Bd3 Bg4 7. Qb3 Na5 8. Qa4+ Bd7 9. Qc2 Rc8 10. Nd2 g6 11. Ngf3 Bg7 12. O-O O-O 13. Rae1 Re8 14. h3 b5 15. Qb1 Nc4 16. Nb3 Ne4 17. Re2 e5 18. dxe5 Nxe5 19. Nxe5 Bxe5 20. Bxe5 Rxe5 21. Nd4 Bxh3 22. f4 Rh5 23. gxh3 Rxh3 24. Bxe4 dxe4 25. Qxe4 Qh4 26. Rff2 h5 27. Rh2 Qg4+ 28. Rhg2 Qh4 29. Rg5 Kh7 30. Nf5 gxf5 31. Qxf5+ Kh8 32. Qf6+ Kh7 33. Qg7# 1-0


[Site "https://www.chess.com"]